 Dungeon Crawl Stone Soup version 0.26-a0-682-g294304f6e8 (webtiles) character file.

Game seed: 15660332681315852676

13550 grandjackal the Fighter (level 11, -10/82 HPs)
             Began as a Demonspawn Gladiator on Oct 22, 2020.
             Was an Elder of Hepliaklqana.
             Hit by a silver javelin thrown by a minotaur (11 damage)
             ... in a Gauntlet.
             The game lasted 00:21:29 (14608 turns).

grandjackal the Fighter (Demonspawn Gladiator)     Turns: 14608, Time: 00:21:32

Health: -10/82     AC: 10    Str: 24    XL:     11   Next: 77%
Magic:  18/18      EV: 21    Int:  9    God:    Hepliaklqana [****..]
Gold:   643        SH:  4    Dex: 18    Spells: 10/10 levels left

rFire    . . .     SeeInvis .   K - +4 long sword
rCold    . . .     Faith    .   (no shield)
rNeg     . . .     Spirit   .   l - +0 scale mail
rPois    .         Reflect  .   (helmet restricted)
rElec    .         Harm     .   g - +0 cloak
rCorr    .         Rampage  .   M - +1 pair of gloves {Dex+3}
MR       .....     NoTele   +   y - +0 pair of boots
Stlth    ..........             I - amulet of regeneration
HPRegen  0.63/turn              E - +6 ring of strength
MPRegen  0.16/turn              F - +4 ring of evasion

@: no status effects
A: reduced essence, horns 2, large bone plates 1, demonic guardian 1, foul
stench 2, rot immunity
a: Recall Ancestor, Ancestor Identity, Transference, Idealise, Renounce Religion


You were in a Gauntlet.
You worshipped Hepliaklqana.
Hepliaklqana was greatly pleased with you.
You visited 2 branches of the dungeon, and saw 12 of its levels.
You also visited: Gauntlet.

You collected 643 gold pieces.

Inventory:

Hand Weapons
 b - a +2 dagger of venom
 q - a +4 dagger
 K - a +4 long sword (weapon)
Missiles
 d - 6 throwing nets (quivered)
Armour
 g - a +0 cloak (worn)
 l - a +0 scale mail (worn)
 u - the +3 salamander hide armour {Flames rF++ rC--}
   (You found it in a Gauntlet)

   It greatly protects you from fire.
   It makes you very vulnerable to cold.
 y - a +0 pair of boots (worn)
 M - a +1 pair of gloves of dexterity (worn)
Jewellery
 a - a +4 ring of protection {unknown}
 h - a +6 ring of strength
 A - an uncursed ring of resist corrosion
 E - a +6 ring of strength (left hand)
 F - a +4 ring of evasion (right hand)
 H - an uncursed ring of ice
 I - an amulet of regeneration (around neck)
 O - the ring "Afe Qivi" {Wiz rN+}
   (You found it in a Gauntlet)

   [ring of wizardry]

   It improves your spell success rate.
   It protects you from negative energy.
Wands
 c - a wand of acid (11)
 o - a wand of digging (6)
 v - a wand of disintegration (8)
 x - a wand of enslavement (12)
 B - a wand of iceblast (14)
 J - a wand of paralysis (8)
Scrolls
 j - 3 scrolls of teleportation
 k - a scroll of identify
 m - a scroll of blinking
 n - a scroll of immolation
 r - 4 scrolls of remove curse
 w - 3 scrolls of fog
 z - 2 scrolls of enchant weapon
 G - a scroll of magic mapping
Potions
 e - 2 potions of might
 f - 3 potions of stabbing
 i - a potion of curing
 p - 3 potions of lignification
 s - 3 potions of brilliance
 C - 2 potions of haste
 D - 2 potions of berserk rage
 L - a potion of cancellation
 N - a potion of magic {unknown}


   Skills:
 + Level 10.4 Fighting
 + Level 9.7 Long Blades
 - Level 1.7 Throwing
 + Level 9.8 Dodging
 + Level 9.9 Invocations


You had 10 spell levels left.
You didn't know any spells.
Your spell library contained the following spells:

 Spells                   Type           Power        Failure   Level
 Corona                   Hex            #......      71%         1
 Sandblast                Erth           #.....       71%         1
 Ensorcelled Hibernation  Hex/Ice        #.....       85%         2
 Passwall                 Tmut/Erth      #.......     85%         2
 Confusing Touch          Hex            #.......     97%         3
 Dazzling Flash           Conj/Hex       #.....       97%         3
 Stone Arrow              Conj/Erth      #.....       97%         3
 Tukima's Dance           Hex            #.......     97%         3
 Petrify                  Tmut/Erth      #.......     100%        4
 Lee's Rapid Deconstruct  Erth           #.........   100%        5


Dungeon Overview and Level Annotations

Branches:
Dungeon (11/15)            Temple (1/1) D:6            Lair (0/6) D:8
Gauntlet (1/1)
    Orc: D:9-12

Altars:
Ashenzari
Cheibriados
Dithmenos
Elyvilon
Fedhas
Gozag
Hepliaklqana
Kikubaaqudgha
Makhleb
Nemelex Xobeh
Okawaru
Qazlal
Ru
Sif Muna
Trog
Uskayaw
Vehumet
Wu Jian
Xom
Yredelemnul
Zin
The Shining One

Shops:
D:5 [   D:10 (

Annotations:
D:6 Prince Ribbit Gauntlet 6 transporters


Innate Abilities, Weirdness & Mutations

You have a pair of horns on your head.
You are partially covered in large bone plates. (SH +4)
A weak demonic guardian rushes to your aid.
You frequently emit foul miasma when damaged in melee.
You are immune to rotting.
Your life essence is reduced to manifest your ancestor. (-10% HP)


Message History

As you read the scroll of immolation, it crumbles to dust.
The creatures around you are filled with an inner flame!
The minotaur throws a silver javelin.
The silver javelin pierces through Bob Barker!!
Flame seeps out of Bob Barker. x2
The silver javelin pierces through you!!
The silver sears you!
* * * LOW HITPOINT WARNING * * *
Bob Barker is engulfed in blazing flames.
Bob Barker the hexer explodes!
The fiery explosion engulfs the minotaur!!
The minotaur resists.
Flame seeps out of the minotaur.
The minotaur is moderately wounded.
You feel much better.
The minotaur is engulfed in blazing flames.
Flame seeps out of the minotaur.
The minotaur throws a silver javelin.
The silver javelin pierces through you!!
* * * LOW HITPOINT WARNING * * *
The silver sears you!
You die...

#≈...............≈#
8#
#8.8.8..©.©..8.8.8#
##
#≈...............≈#
#########.#########
#.##### #.....#
#######.# #.§○H.#.#
#@###.#.# #.# .#.#
#.# .#.# #.# .#.#
#.# H#.# #.#####.#
#.......# #########


You could see a minotaur (inner flame).

Vanquished Creatures
  A death ooze (Gauntlet)
  A boulder beetle (D:11)
  A thrashing horror (Gauntlet)
  Pikel (D:5)
  Maurice (D:9)
  3 centaur skeletons
  A komodo dragon (D:10)
  4 trolls
  A slime creature (D:8)
  Sigmund (D:3)
  6 yaks
  2 wraiths (D:11)
  Eustachio (D:4)
  A small abomination (Gauntlet)
  2 swamp worms (Gauntlet)
  A soldier ant (D:11)
  A water moccasin (D:10)
  A phantom (D:10)
  2 orc warriors
  5 ice beasts
  2 sky beasts
  A necrophage (D:5)
  2 ogres
  4 centaurs
  3 wolves (D:10)
  A lemure (D:5)
  6 bullfrogs
  2 wyvern zombies
  4 scorpions
  A wyvern skeleton (D:10)
  3 killer bees (D:9)
  15 wights
  6 howler monkeys
  A centaur zombie (D:5)
  2 bullfrog skeletons
  6 hounds
  Crazy Yiuf (D:3)
  3 orc priests
  A jelly (D:5)
  Jessica (D:3)
  11 orc wizards
  Ijyb (D:3)
  A hexer (Gauntlet)
  4 iguanas
  7 worker ants
  A howler monkey zombie (D:6)
  Robin (D:1)
  16 adders
  8 gnolls
  5 white imps
  3 ufetubi
  3 adder zombies
  4 worms
  A dart slug (D:2)
  3 leopard geckos
  33 orcs
  6 giant cockroaches
  5 hobgoblins
  8 jackals (D:2)
  13 kobolds
  5 quokkas
  2 ball python skeletons (D:4)
  10 bats
  4 frilled lizards
  14 goblins
  2 quokka skeletons
  A quokka zombie (D:6)
  9 rats
283 creatures vanquished.

Vanquished Creatures (collateral kills)
  A two-headed ogre (D:10)
  An unseen horror (D:11)
  A gargoyle (D:11)
  A wyvern (D:6)
  A small abomination (Gauntlet)
  Grum (D:10)
  An orc warrior (D:6)
  3 sky beasts
  An ogre (D:8)
  A scorpion (D:8)
  2 wights
  A killer bee (D:9)
  2 howler monkeys
  2 hounds
  An orc priest (D:10)
  An iguana (D:7)
  A worker ant (D:8)
  An adder skeleton (D:7)
  9 orcs
  A quokka (D:7)
  A quokka zombie (D:8)
34 creatures vanquished.

Vanquished Creatures (others)
  4 hexers
  12 plants (D:11)
  19 withered plants (Gauntlet)
35 creatures vanquished.

Grand Total: 352 creatures vanquished

Notes
Turn   | Place    | Note
-------+----------+-------------------------------------------
     0 | D:1      | grandjackal the Demonspawn Gladiator began the quest for
                  | the Orb.
     0 | D:1      | Reached XP level 1. HP: 16/16 MP: 1/1
   127 | D:1      | Gained mutation: You are immune to rotting. [demonic
                  | ancestry]
   127 | D:1      | Reached XP level 2. HP: 22/22 MP: 2/2
   912 | D:2      | Noticed Robin
  1023 | D:1      | Gained mutation: You have a pair of small horns on your
                  | head. [demonic ancestry]
  1023 | D:1      | Reached XP level 3. HP: 28/28 MP: 3/3
  1035 | D:1      | Killed Robin
  1041 | D:1      | HP: 1/28 [goblin/+0 dagger[Robin] (3)]
  1506 | D:2      | Found an ornate altar of the Wu Jian Council.
  1766 | D:2      | Found a burning altar of Makhleb.
  1766 | D:2      | Noticed a green death
  1769 | D:2      | Noticed a hellwing
  1769 | D:2      | Noticed a hellwing
  1888 | D:2      | Reached XP level 4. HP: 34/34 MP: 4/4
  2002 | D:2      | Reached skill level 3 in Fighting
  2317 | D:3      | Noticed Jessica
  2327 | D:3      | Killed Jessica
  2624 | D:3      | Reached XP level 5. HP: 31/41 MP: 5/5
  3114 | D:3      | Found a runed translucent door.
  3115 | D:3      | Noticed Crazy Yiuf
  3323 | D:3      | Noticed Ijyb
  3327 | D:3      | Killed Ijyb
  3541 | D:3      | Noticed Sigmund
  3799 | D:3      | Killed Sigmund
  3799 | D:3      | Reached skill level 4 in Fighting
  3799 | D:3      | Gained mutation: You have a pair of horns on your head.
                  | [demonic ancestry]
  3799 | D:3      | Reached XP level 6. HP: 11/48 MP: 6/6
  4183 | D:3      | Killed Crazy Yiuf
  4787 | D:4      | Gained mutation: You may emit foul miasma when damaged in
                  | melee. [demonic ancestry]
  4787 | D:4      | Reached XP level 7. HP: 52/55 MP: 7/7
  4820 | D:4      | Noticed Eustachio
  5141 | D:4      | Killed Eustachio
  5141 | D:4      | Reached skill level 5 in Fighting
  5141 | D:4      | Reached skill level 5 in Long Blades
  5141 | D:4      | Reached skill level 5 in Dodging
  5603 | D:5      | Entered Level 5 of the Dungeon
  6023 | D:5      | Gained mutation: A weak demonic guardian rushes to your
                  | aid. [demonic ancestry]
  6023 | D:5      | Reached XP level 8. HP: 23/63 MP: 8/8
  6312 | D:5      | Noticed Pikel
  6324 | D:5      | Killed Pikel
  6324 | D:5      | Reached skill level 6 in Fighting
  6655 | D:5      | Found Fezoinu's Armour Boutique.
  7299 | D:6      | Found a staircase to the Ecumenical Temple.
  7342 | D:6      | Reached skill level 7 in Fighting
  7342 | D:6      | Reached XP level 9. HP: 54/72 MP: 9/9
  7369 | Temple   | Entered the Ecumenical Temple
  7539 | Temple   | Became a worshipper of Hepliaklqana the Forgotten
  8058 | D:6      | Noticed Prince Ribbit
  8175 | D:6      | Reached skill level 1 in Invocations
  8540 | D:7      | Reached * piety under Hepliaklqana
  9300 | D:8      | Found a staircase to the Lair.
  9779 | D:8      | Reached ** piety under Hepliaklqana
  9780 | D:8      | Remembered your ancestor Bob Barker as a hexer
  9973 | D:8      | Reached skill level 8 in Fighting
 10239 | D:8      | Reached skill level 5 in Invocations
 10328 | D:8      | Found a sparkling altar of Nemelex Xobeh.
 10328 | D:8      | Found a transporter.
 10339 | D:8      | Gained mutation: You frequently emit foul miasma when
                  | damaged in melee. [demonic ancestry]
 10339 | D:8      | Reached XP level 10. HP: 69/72 MP: 13/13
 11438 | D:9      | Found a blossoming altar of Fedhas.
 11441 | D:9      | Noticed Maurice
 11457 | D:9      | Killed Maurice
 12053 | D:9      | Reached skill level 9 in Fighting
 12277 | D:10     | Entered Level 10 of the Dungeon
 12331 | D:10     | Found Niatiy's Antique Weapon Emporium.
 12711 | D:10     | Noticed Grum
 12726 | D:10     | Killed Grum
 12834 | D:10     | Noticed a two-headed ogre
 12842 | D:10     | Killed a two-headed ogre
 12842 | D:10     | Gained mutation: You are partially covered in large bone
                  | plates. (SH +4) [demonic ancestry]
 12842 | D:10     | Reached XP level 11. HP: 65/80 MP: 15/17
 12959 | D:10     | Reached *** piety under Hepliaklqana
 13699 | D:11     | Noticed a boulder beetle
 13725 | D:11     | Killed a boulder beetle
 13963 | D:11     | Killed an unseen horror
 13963 | D:11     | Reached skill level 10 in Fighting
 14035 | D:11     | Found a gate leading to a gauntlet.
 14044 | Gauntlet | Entered a Gauntlet
 14044 | Gauntlet | Found a transporter.
 14044 | Gauntlet | Found a transporter.
 14052 | Gauntlet | Found a transporter.
 14056 | Gauntlet | Found a transporter.
 14062 | Gauntlet | Noticed a thrashing horror
 14068 | Gauntlet | Found a transporter.
 14069 | Gauntlet | Found the +3 salamander hide armour {Flames rF++ rC--}
 14072 | Gauntlet | Found a transporter.
 14076 | Gauntlet | Reached **** piety under Hepliaklqana
 14079 | Gauntlet | Noticed a death ooze
 14084 | Gauntlet | Found a transporter.
 14099 | Gauntlet | Found a transporter.
 14102 | Gauntlet | Noticed a cacodemon
 14112 | Gauntlet | Found a transporter.
 14116 | Gauntlet | Found a transporter.
 14126 | Gauntlet | Found a transporter.
 14130 | Gauntlet | Found a transporter.
 14195 | Gauntlet | Killed a thrashing horror
 14458 | Gauntlet | Got a wavering brass ring
 14464 | Gauntlet | Killed a death ooze
 14566 | Gauntlet | Identified the ring "Afe Qivi" {Wiz rN+} (You found it in a
                  | Gauntlet)
 14599 | Gauntlet | Noticed a minotaur
 14608 | Gauntlet | HP: 1/82 [minotaur/silver javelin (34)]
 14608 | Gauntlet | Hit by a silver javelin thrown by a minotaur

Illustrated notes

Levels and vault maps discovered:
D:1:      minmay_arrival_semitransparent, layout_rooms, minmay_pentomino_p4
D:2:      layout_loops_ring, lemuel_round_altar, makhleb_altar_promises_db,
          uniq_robin
D:3:      layout_rooms, kennysheep_generic_room_9, uniq_crazy_yiuf_cottage,
          uniq_ijyb, uniq_jessica, uniq_sigmund
D:4:      layout_rooms, uniq_eustachio
D:5:      layout_gridville, serial_shops, shop, uniq_pikel
D:6:      layout_cave_pods, minmay_temple_entry_statues, uniq_prince_ribbit1
D:7:      layout_basic, minmay_misc_feat_room, palyth_stone_intersect
D:8:      layout_basic, lair_entry_dummy, grunt_nemelex_the_gamble
D:9:      layout_layer_cave, basic_altar, uniq_maurice
D:10:     layout_cross, serial_glass, glass_columns_b, glass_columns_a,
          serial_shops, nicolae_shop_overgrown_old_shop, nicolae_two_hexagons,
          uniq_grum
D:11:     layout_irregular_city, gauntlet_entry_generic,
          ebering_ghost_reflecting_pool, serial_bayou_lake_a
Temple:   kilobyte_greek_temple
Gauntlet: gammafunk_gauntlet_hard_choice [gammafunk_gauntlet_arena_grid,
          nicolae_gauntlet_arena_x, nicolae_gauntlet_arena_flowing_pool,
          gammafunk_gauntlet_arena_hedges, gammafunk_gauntlet_arena_corners,
          nicolae_gauntlet_arena_grate_2, gauntlet_exit_spiral]

Skill      XL: |  1  2  3  4  5  6  7  8  9 10 11 |
---------------+----------------------------------+-----
Dodging        | 3 4 5 6 7 9 |  9.8
Long Blades    | 3 4 5 6 7 8 9 |  9.7
Fighting       | 3 4 5 7 8 9 10 | 10.4
Invocations    | 5 8 9 |  9.9
Throwing       | |  1.7

Action                   |  1- 3 |  4- 6 |  7- 9 | 10-12 || total
-------------------------+-------+-------+-------+-------++-------
Melee: Long sword        |   164 |   147 |   325 |   313 ||   949
       Headbutt          |    18 |    39 |    91 |   114 ||   262
Throw: Throwing net      |       |       |       |     1 ||     1
Invok: Ancestor Life: He |       |       |     1 |       ||     1
       Ancestor Identity |       |       |     1 |       ||     1
Evoke: Wand              |       |       |       |     4 ||     4
  Use: Scroll            |     7 |     1 |    10 |     6 ||    24
       Potion            |       |     2 |       |     1 ||     3
 Stab: Distracted        |       |       |     3 |     8 ||    11
       Confused          |       |       |     1 |     4 ||     5
Armor: Leather armour    |    59 |       |       |       ||    59
       Scale mail        |     2 |    52 |   148 |    60 ||   262
Dodge: Dodged            |   146 |   108 |   276 |   289 ||   819
Block: Other             |       |       |       |    14 ||    14
       Rpst.: Long sword |    51 |    41 |   101 |    72 ||   265

Table legend: (Time is in decaauts)
 A = Elapsed time spent in this place.
 B = Non-inter-level travel time spent in this place.
 C = Inter-level travel time spent in this place.
 D = Time resting spent in this place.
 E = Time spent auto-exploring this place.
 F = Levels seen in this place.
 G = Mean time per level.
                   A        B        C        D        E       F      G
               +--------+--------+--------+--------+--------+-----+--------+
         Total |  14710 |  14442 |    268 |   5053 |   6595 |  13 | 1131.5 |
       Dungeon |  13939 |  13711 |    228 |   4780 |   6437 |  11 | 1267.2 |
        Temple |    210 |    170 |     40 |      0 |    158 |   1 |  210.0 |
      Gauntlet |    560 |    560 |      0 |    273 |      0 |   1 |  560.0 |
               +--------+--------+--------+--------+--------+-----+--------+

Top non-repeatable levels by time:
     D:3: 2036 daAuts
     D:9: 1750 daAuts
     D:8: 1586 daAuts
     D:4: 1514 daAuts
     D:1: 1364 daAuts
     D:2: 1306 daAuts
     D:5: 1192 daAuts
     D:6: 976 daAuts
    D:10: 970 daAuts
     D:7: 779 daAuts
Gauntlet: 560 daAuts
    D:11: 463 daAuts
  Temple: 210 daAuts
